 Dungeon Crawl Stone Soup version 0.28.0 (webtiles) character file.

Game seed: 3636623326296693754

156 Morbidden the Chopper (level 5, 0/41 HPs)
             Began as a Demonspawn Fighter on Feb 7, 2022.
             Killed from afar by Natasha (1 damage)
             ... with a magic dart
             ... on level 4 of the Dungeon.
             The game lasted 00:02:46 (1676 turns).

Morbidden the Chopper (Demonspawn Fighter)          Turns: 1676, Time: 00:02:47

Health: 0/41       AC:  6    Str: 23    XL:     5   Next: 14%
Magic:  5/5        EV:  9    Int: 13    God:
Gold:   51         SH:  4    Dex: 12    Spells: 4/4 levels left

rFire   . . .      SeeInvis .   a - +0 war axe
rCold   . . .      Faith    .   c - +0 buckler
rNeg    . . .      Spirit   .   b - +0 scale mail
rPois   .          Reflect  .   (no helmet)
rElec   .          Harm     .   (no cloak)
rCorr   .          Rampage  .   (no gloves)
Will    +....                   (no boots)
Stlth   ..........              (no amulet)
HPRegen 0.13/turn               g - +6 ring of strength
MPRegen 0.09/turn               m - ring of willpower

@: no status effects
A: foul stench 1, big brain 1, weakness stinger 1
a: no special abilities


You were on level 4 of the Dungeon.
You visited 1 branch of the dungeon, and saw 3 of its levels.

You collected 51 gold pieces.

Inventory:

Hand Weapons
 a - a +0 war axe (weapon)
Armour
 b - a +0 scale mail (worn)
 c - a +0 buckler (worn)
Jewellery
 g - a +6 ring of strength (left hand)
 m - a ring of willpower (right hand)
Scrolls
 e - a scroll of vulnerability {unknown}
 f - a scroll of fear {unknown}
 i - 2 scrolls of teleportation {unknown}
 k - a scroll of identify {unknown}
Potions
 d - 2 potions of might
 h - a potion of degeneration {unknown}
 j - a potion of heal wounds {unknown}
 l - a potion of haste {unknown}


   Skills:
 * Level 3.4 Fighting
 * Level 3.8 Axes
 * Level 3.1 Armour
 * Level 1.0 Dodging
 + Level 0.2 Stealth
 + Level 3.0 Shields


You had 4 spell levels left.
You didn't know any spells.
Your spell library was empty.

Dungeon Overview and Level Annotations

Branches:
Dungeon (2/15)

Altars:

Shops:
D:1 !

Annotations:
D:4 Natasha


Innate Abilities, Weirdness & Mutations

You may rarely emit foul miasma when damaged in melee.
You have an unusually large brain. (Int +2)
You have a small tail.


Message History

You are too injured to fight recklessly!
You are too injured to fight recklessly!
You are too injured to fight recklessly!
You are too injured to fight recklessly!
Unknown command.
The jackal barks!
You hear a bark!
You hear an angry hiss.
The jackal bites you but does no damage.
You slash the jackal!
You kill the jackal!
Natasha, Servant of Life and Death comes into view.
Natasha casts a spell at you. You resist with almost no effort.
You hit Natasha but do no damage.
Natasha howls an incantation.
Natasha's front paws start to glow.
Natasha barely misses you.
You barely miss Natasha. Natasha claws you.
You hit Natasha.
Natasha is moderately wounded.
Natasha claws you.
A jackal comes into view.
Natasha claws you but does no damage.
Unknown command.
You closely miss Natasha.
Natasha is moderately wounded.
Natasha closely misses you.
Unknown command.
You closely miss Natasha.
Your tail-slap misses Natasha.
Natasha is moderately wounded.
Natasha claws you!
* * * LOW HITPOINT WARNING * * *
Unknown command.
You closely miss Natasha.
Natasha is moderately wounded.
Natasha casts a spell at you. The magic dart hits you!
* * * LOW HITPOINT WARNING * * *
Natasha casts a spell at you. The magic dart hits you.
You die...

### .## ... ...
.. #.# #...#.#
#...#.##
####....h.
......#h#
..)..#@# #...#.#
.#... #..##.#
..... #.....# ..
#... #..#### ...
##...##....###.##
......##........#
#....##........##
#.............


You could see Natasha and a jackal.

Vanquished Creatures
  An ice beast (D:4)
  An adder skeleton (D:4)
  A worm (D:2)
  A dart slug (D:1)
  7 bats
  3 endoplasms (D:1)
  5 giant cockroaches
  7 hobgoblins
  11 jackals
  2 kobolds (D:1)
  A quokka (D:1)
  A frilled lizard (D:1)
  3 goblins
  4 rats
48 creatures vanquished.

Vanquished Creatures (others)
  3 plants (D:2)
3 creatures vanquished.

Grand Total: 51 creatures vanquished

Notes
Turn   | Place    | Note
-------+----------+-------------------------------------------
     0 | D:1      | Morbidden the Demonspawn Fighter began the quest for the
                  | Orb.
     0 | D:1      | Reached XP level 1. HP: 18/18 MP: 1/1
    22 | D:1      | Found a faded altar of an unknown god.
   277 | D:1      | Gained mutation: You have a small tail. [demonic ancestry]
   277 | D:1      | Reached XP level 2. HP: 24/24 MP: 2/2
   538 | D:1      | Found Jeazejaw's Distillery.
   907 | D:1      | Gained mutation: You may rarely emit foul miasma when
                  | damaged in melee. [demonic ancestry]
   907 | D:1      | Reached XP level 3. HP: 29/29 MP: 3/3
  1549 | D:2      | You fall into a shaft and drop 2 floors!
  1553 | D:4      | Noticed an ice beast
  1564 | D:4      | Killed an ice beast
  1565 | D:4      | Reached skill level 1 in Dodging
  1565 | D:4      | Reached XP level 4. HP: 6/35 MP: 4/4
  1565 | D:4      | Gained mutation: You have an unusually large brain. (Int
                  | +2) [demonic ancestry]
  1565 | D:4      | Reached XP level 5. HP: 7/41 MP: 5/5
  1669 | D:4      | Noticed Natasha
  1676 | D:4      | HP: 1/41 [Natasha/magic dart (7)]
  1676 | D:4      | Killed from afar by Natasha

Illustrated notes

Levels and vault maps discovered:
D:1:      mrwooster_arrival_arrow, layout_loops_corners, serial_shops,
          nicolae_shop_behind_doors, basic_ecumenical_altar
D:2:      minmay_wonky_spiral, layout_basic, serial_shops, shop,
          minmay_liquid_box, chequers_big_river
D:4:      layout_basic, nzn_wu_jian_contemplation, fedhas_ov_isle_minmay,
          nicolae_overflow_squiral, minmay_temple_entry_water_ring, uniq_natasha

Skill      XL: |  1  2  3 |
---------------+----------+-----
Axes           | 2 3 |  3.8
Armour         | 3 |  3.1
Dodging        | 1 |  1.0
Shields        | 3 |  3.0
Fighting       | |  3.4
Stealth        | |  0.2

Action                   |  1- 3 |  4- 6 || total
-------------------------+-------+-------++-------
Melee: War axe           |   121 |     7 ||   128
       Tailslap          |     9 |       ||     9
  Use: Potion            |     1 |       ||     1
Armor: Scale mail        |    68 |     2 ||    70
Dodge: Dodged            |    72 |     2 ||    74
Block: Buckler           |    25 |       ||    25
